 Dungeon Crawl Stone Soup version 0.31.0-4-g52a2dc7128 (webtiles) character file.

Game seed: 7417383233969731824

42067 Zeia the Necromancer (level 14, -12/117 HPs)
             Began as a Djinni Ice Elementalist on Jan 23, 2024.
             Was a Priest of Ashenzari.
             Killed from afar by Jorgrun (56 damage)
             ... with an iron shot
             ... on level 1 of the Orcish Mines.
             The game lasted 01:13:59 (13974 turns).

Zeia the Necromancer (Djinni Ice Elementalist)     Turns: 13974, Time: 01:14:00

Health: -12/117    AC:  6    Str: 13    XL:     14   Next: 53%
Gold:   1078       EV: 14    Int: 21    God:    Ashenzari [***...] SH:  0 Dex: 21

rFire   + + +        H - staff of Fury {rElec Summ Air}
rCold   . . .        (no shield)
rNeg    . . .        G - +0 troll leather armour
rPois   ∞            (no helmet)
rElec   +            U - scarf of the Pangnostic Cosmos {rC+ rF+, Elem, Sorc} (curse)
rCorr   +            y - +2 pair of gloves of the Shackled Disgust {Cun, Bglg} (curse)
SInv    +            (boots unavailable)
Will    +....        (no amulet)
Stlth   ++           I - ring "Mantic Seeker" {rCorr MP-9 Str+6 Slay+4, Comp, Self} (curse)
HPRegen 1.19/turn    B - ring of the Eternal Augur {Dex+6, Dev, Melee} (curse)
MPRegen 0.00/turn

%: clarity, infuse magic (-13 HP)
@: radiating poison, grasped by roots, flying, constricted, studying Necromancy
A: sickness immunity, fire resistance 2, cold vulnerability 1, float, innate
caster, HP casting, extra vitality 1
a: Renounce Religion, Curse Item, Shatter the Chains


You were on level 1 of the Orcish Mines.
You worshipped Ashenzari.
Ashenzari was most pleased with you.
You visited 4 branches of the dungeon, and saw 18 of its levels.

You collected 1078 gold pieces.

Inventory:

Hand Weapons
 g - a +0 dagger
 h - a +2 short sword of draining
 k - a +2 dagger of venom
 Q - a +4 scimitar of flaming
Armour
 a - a +0 robe
 y - the cursed +2 pair of gloves of the Shackled Disgust (worn) {Cun, Bglg}
   (You found it on level 8 of the Dungeon)

   It has a curse which improves the following skills: Cunning: Dodging and
   Stealth.
   Beguiling: Hexes and Translocations.
 G - a +0 troll leather armour (worn)
 J - a +2 robe of cold resistance
 R - a +0 cloak
 U - the cursed scarf of the Pangnostic Cosmos (worn) {rC+ rF+, Elem, Sorc}
   (You found it on level 5 of the Lair of Beasts)

   It has a curse which improves the following skills: Elements: Fire Magic, Ice
   Magic, Air Magic and Earth Magic.
   Sorcery:   Conjurations and Alchemy.
Magical Staves
 H - the staff of Fury (weapon) {rElec Summ Air}
   (You acquired it on level 7 of the Dungeon)

   [staff of air]

   Base accuracy: +5 Base damage: 5 Base attack delay: 1.2 This weapon's minimum
   attack delay (0.6) is reached at skill level 12.
   rElec:     It insulates you from electricity.
   Summ:      It increases the power of your Summonings spells.
   Air:       It increases the power of your Air spells.
   It falls into the 'Staves' category.
   It is a one-handed weapon.
 T - a staff of alchemy
 V - a staff of conjuration
Jewellery
 c - a +5 ring of evasion
 B - the cursed ring of the Eternal Augur (right hand) {Dex+6, Dev, Melee}
   (You found it on level 7 of the Dungeon)

   [ring of dexterity]

   Dex+6:     It affects your dexterity (+6).
   It has a curse which improves the following skills: Devices: Evocations and
   Shapeshifting.
   Melee Combat: Short Blades, Long Blades, Axes, Maces & Flails, Polearms,
   Staves and Unarmed Combat.
 I - the cursed ring "Mantic Seeker" (left hand) {rCorr MP-9 Str+6 Slay+4, Comp, Self}
   (You acquired it on level 7 of the Dungeon)

   [ring of strength]

   Str+6:     It affects your strength (+6).
   Slay+4:    It affects your accuracy & damage with ranged weapons and melee
   (+4).
   MP-9:      It affects your magic capacity (-9).
   rCorr:     It protects you from acid and corrosion.
   It has a curse which improves the following skills: Companions: Summonings
   and Necromancy.
   Introspection: Fighting and Spellcasting.
 P - a +6 ring of intelligence
 X - the ring of Guel {Fly rElec rN+ Dex+6}
   (You found it on level 5 of the Lair of Beasts)

   [ring of dexterity]

   Dex+6:     It affects your dexterity (+6).
   rElec:     It insulates you from electricity.
   rN+:       It protects you from negative energy.
   Fly:       It grants you flight.
Wands
 j - a wand of roots (22)
 q - a wand of paralysis (22)
 r - a wand of flame (44)
 v - a wand of polymorph (13)
 M - a wand of mindburst (11)
 S - a wand of digging (2)
Scrolls
 b - 5 scrolls of fear
 d - 8 scrolls of teleportation
 e - 3 scrolls of amnesia
 l - 2 scrolls of revelation
 o - 2 scrolls of vulnerability
 s - 5 scrolls of blinking
 t - 2 scrolls of poison
 A - 11 scrolls of identify
 C - a scroll of torment
 E - 4 scrolls of immolation
 F - a scroll of enchant weapon
 N - a scroll of butterflies
 O - a scroll of fog
Potions
 f - a potion of cancellation
 i - 4 potions of lignification
 n - 5 potions of might
 p - a potion of berserk rage
 u - 2 potions of haste
 w - a potion of invisibility
 x - 7 potions of curing
 z - 2 potions of brilliance
 D - 4 potions of degeneration
 K - a potion of attraction
 L - 2 potions of enlightenment
 W - a potion of resistance


   Skills:
 + Level 15.3(16.7) Fighting
 - Level 1.3(2.3) Short Blades
 - Level 6.0(7.5) Dodging
 - Level 1.5(2.6) Stealth
 + Level 14.5(15.9) Spellcasting
 + Level 14.5(15.9) Conjurations
 + Level 14.5(15.9) Hexes
   Level 0.0 Charms
 + Level 14.5(15.9) Summonings
 + Level 17.6(18.9) Necromancy
 + Level 14.5(15.9) Translocations
   Level 0.0 Transmutations
 + Level 14.5(15.9) Fire Magic
 + Level 14.5(15.9) Ice Magic
 + Level 14.5(15.9) Air Magic
 + Level 14.5(15.9) Earth Magic
 + Level 14.5(15.9) Alchemy


You knew the following spells:

 Your Spells              Type           Power      Damage    Failure   Level
a - Freeze                Ice            100%       1d10      0%          1
b - Frozen Ramparts       Ice            100%       1d16      1%          3
c - Ozocubu's Armour      Ice            71%        N/A       1%          3
d - Summon Ice Beast      Ice/Summ       90%        N/A       1%          3
e - Sandblast             Erth           100%       2d20      0%          1
f - Momentum Strike       Conj/Tloc      100%       3d10      0%          2
g - Stone Arrow           Conj/Erth      100%       3d13      1%          3
h - Olgreb's Toxic Radia  Alch           71%        N/A       1%          4
i - Curse of Agony        Necr           77%        N/A       1%          5
j - Metabolic Englaciati  Hex/Ice        35%        N/A       1%          5
Your spell library was empty.

Dungeon Overview and Level Annotations

Branches:
Dungeon (11/15)            Temple (1/1) D:7            Lair (5/5) D:9
 Shoals (0/4) Lair:2       Spider (0/4) Lair:2        Slime (0/5) Lair:5
    Orc (1/2) D:11

Altars:
Ashenzari
Cheibriados
Dithmenos
Elyvilon
Fedhas
Gozag
Hepliaklqana
Makhleb
Nemelex Xobeh
Okawaru
Qazlal
Ru
Trog
Uskayaw
Wu Jian
Xom
Yredelemnul
Zin
The Shining One
Jiyva

Annotations:
D:2 Sigmund
D:4 3 runed translucent doors, AlmostDecent's ghost, amateur GrFi
Lair:4 3 runed translucent doors, SuperJoe's ghost, journeyman KoRe
Orc:1 Jorgrun


Innate Abilities, Weirdness & Mutations

You are immune to sickness and miasma.
You are immune to poison.
Your flesh is very heat resistant. (rF++)
You are vulnerable to cold. (rC-)
You float through the air rather than walking.
You learn spells naturally, not from books.
Your magical power is your life essence.
You have superior vitality. (+4 MHP)


Message History

Casting: Summon Ice Beast (safe; 1% risk of failure)
Confirm with . or Enter, or press ? or * to list all spells.
Aiming: Stone Arrow (safe; 1% risk of failure)
Press: ? - help, Shift-Dir - straight line, f - Jorgrun
Aim: Jorgrun, wielding a +0 heavy quarterstaff and wearing a +2 robe of cold resistance (moderately wounded, very poisoned, ally target, 63% to hit)
The stone arrow hits Jorgrun!!
Jorgrun is heavily wounded.
The grasping roots constrict you!
Your ice beast hits Jorgrun.
Your ice beast freezes Jorgrun!
Jorgrun resists.
Casting: Stone Arrow (safe; 1% risk of failure)
Confirm with . or Enter, or press ? or * to list all spells.
Aiming: Stone Arrow (safe; 1% risk of failure)
Press: ? - help, Shift-Dir - straight line, f/p - Jorgrun
Aim: Jorgrun, wielding a +0 heavy quarterstaff and wearing a +2 robe of cold resistance (heavily wounded, not watching you, very poisoned, ally target, 63% to hit)
The stone arrow hits Jorgrun!!
Jorgrun is severely wounded.
Jorgrun looks even sicker.
Jorgrun says, "May tha earth consume ye!"
The grasping roots constrict you!
Your ice beast closely misses Jorgrun.
Casting: Stone Arrow (safe; 1% risk of failure)
Confirm with . or Enter, or press ? or * to list all spells.
Your toxic radiance grows in intensity.
Jorgrun looks as sick as possible!
Jorgrun casts a spell at you. You resist with significant effort.
The grasping roots constrict you.
* * * LOW HITPOINT WARNING * * *
Your ice beast hits Jorgrun but does no damage.
Casting: Olgreb's Toxic Radiance (safe; 1% risk of failure)
Confirm with . or Enter, or press ? or * to list all spells.
Aiming: Stone Arrow (safe; 1% risk of failure)
Press: ? - help, Shift-Dir - straight line, f/p - Jorgrun
Aim: Jorgrun, wielding a +0 heavy quarterstaff and wearing a +2 robe of cold resistance (severely wounded, extremely poisoned, ally target, 63% to hit)
The stone arrow misses Jorgrun.
* * * LOW HITPOINT WARNING * * *
Jorgrun looks as sick as possible!
The grasping roots constrict you!
* * * LOW HITPOINT WARNING * * *
Unknown command.
You feel much better.
Jorgrun looks as sick as possible!
Jorgrun gestures at you while chanting. The iron shot hits you!!!
You die...

.... ##... . #
>... ## .. #.
...###)#...
#.##...#......
#......).....
#......)...
#.@gY)...#
#.#.....## ##
#...## ####


You could see Jorgrun (extremely poisoned, ally target) and a friendly ice beast
(summoned).

Vanquished Creatures
  3 hydras
  Erica (Lair:2)
  A two-headed ogre (D:9)
  5 death yaks
  Nergalle (Lair:1)
  A goliath frog (Lair:5)
  2 wolf spiders (Lair:5)
  An ugly thing (D:11)
  2 black mambas
  7 elephants
  2 gargoyles (D:11)
  2 torpor snails (Lair:5)
  10 cane toads
  7 komodo dragons
  2 trolls
  2 tyrant leeches
  Grinder (D:4)
  A hornet (D:6)
  12 blink frogs
  2 dream sheep (Lair:5)
  A jumping spider (Lair:2)
  15 yaks
  A shadow (D:10)
  7 wyverns
  A wraith (D:10)
  A basilisk (Lair:4)
  4 steam dragons
  2 redbacks (Lair:2)
  5 vampire mosquitoes
  A sky beast (D:8)
  6 water moccasins
  2 orc warriors
  2 ice beasts
  2 black bears
  2 ogres
  13 wolves
  2 phantoms
  4 centaurs
  2 lemures (D:6)
  A kobold brigand (D:8)
  Blork the orc (D:6)
  14 bullfrogs
  A scorpion (D:4)
  4 wights (D:9)
  An electric eel (Lair:5)
  8 howler monkeys
  7 orc priests
  2 hounds
  11 jellies
  A gnoll bouda (D:6)
  An iguana (D:6)
  11 orc wizards
  3 gnolls (D:6)
  8 adders
  2 ufetubi (D:6)
  2 dart slugs
  2 ribbon worms (D:3)
  27 orcs
  5 bats
  7 endoplasms
  6 goblins
  5 hobgoblins
  9 jackals
  2 quokkas (D:2)
  7 ball pythons
  2 frilled lizards
  14 kobolds
  9 rats
311 creatures vanquished.

Vanquished Creatures (collateral kills)
  A hydra (Lair:5)
  A two-headed ogre (D:11)
  A death yak (Lair:5)
  Pikel (D:6)
  2 elephants
  3 black mambas
  4 cane toads
  A rime drake (Lair:2)
  4 komodo dragons
  A troll (D:11)
  A tyrant leech (Lair:5)
  2 blink frogs
  4 basilisks
  2 wyverns (D:9)
  9 yaks
  A steam dragon (D:6)
  An acid dragon (D:10)
  3 water moccasins
  4 wolves
  7 bullfrogs
  A scorpion (D:6)
  3 howler monkeys
  3 jellies (Lair:5)
  2 orc priests
  3 iguanas
  3 orcs (D:6)
68 creatures vanquished.

Vanquished Creatures (others)
  An orc (D:8)
1 creature vanquished.

Grand Total: 380 creatures vanquished

Notes
Turn   | Place    | Note
-------+----------+-------------------------------------------
     0 | D:1      | Zeia the Djinni Ice Elementalist began the quest for the
                  | Orb.
     0 | D:1      | Zeia set off with the following spells memorised: Freeze,
                  | Frozen Ramparts, Ozocubu's Armour, Summon Ice Beast.
     0 | D:1      | Reached XP level 1. HP: 15/15 MP: 0/0
    51 | D:1      | Reached XP level 2. HP: 13/22 MP: 0/0
   139 | D:1      | Reached skill level 1 in Fighting
   534 | D:1      | Reached XP level 3. HP: 17/27 MP: 0/0
   534 | D:1      | Learned a level 1 spell: Sandblast
   723 | D:2      | Reached skill level 4 in Necromancy
   806 | D:2      | Reached XP level 4. HP: 33/33 MP: 0/0
   996 | D:2      | Noticed Sigmund
  1096 | D:3      | Reached XP level 5. HP: 24/39 MP: 0/0
  1096 | D:3      | Learned a level 2 spell: Momentum Strike
  1849 | D:4      | Found a runed translucent gate.
  1849 | D:4      | Found a runed translucent gate.
  1849 | D:4      | Found a runed translucent gate.
  1850 | D:4      | Noticed AlmostDecent's ghost (amateur GrFi)
  1874 | D:4      | Reached XP level 6. HP: 36/45 MP: 0/0
  1996 | D:4      | Reached skill level 1 in Short Blades
  1996 | D:4      | Reached skill level 5 in Spellcasting
  1996 | D:4      | Reached skill level 5 in Conjurations
  1996 | D:4      | Reached skill level 5 in Hexes
  1996 | D:4      | Reached skill level 5 in Summonings
  1996 | D:4      | Reached skill level 5 in Necromancy
  1996 | D:4      | Reached skill level 5 in Translocations
  1996 | D:4      | Reached skill level 5 in Fire Magic
  1996 | D:4      | Reached skill level 5 in Ice Magic
  1996 | D:4      | Reached skill level 5 in Air Magic
  1996 | D:4      | Reached skill level 5 in Earth Magic
  1996 | D:4      | Reached skill level 5 in Alchemy
  2200 | D:4      | Noticed Grinder
  2277 | D:4      | Killed Grinder
  2278 | D:4      | Reached skill level 6 in Necromancy
  2278 | D:4      | Reached XP level 7. HP: 48/50 MP: 0/0
  2278 | D:4      | Learned a level 3 spell: Stone Arrow
  2693 | D:5      | Entered Level 5 of the Dungeon
  2999 | D:5      | Reached XP level 8. HP: 50/56 MP: 0/0
  3210 | D:5      | Reached skill level 7 in Necromancy
  3828 | D:6      | Noticed a hornet
  3831 | D:6      | Killed a hornet
  3975 | D:6      | Reached skill level 8 in Necromancy
  4058 | D:6      | Reached XP level 9. HP: 51/61 MP: 0/0
  4058 | D:6      | Learned a level 4 spell: Olgreb's Toxic Radiance
  4107 | D:6      | Noticed Pikel
  4130 | D:6      | Killed Pikel
  4131 | D:6      | Reached skill level 9 in Necromancy
  4442 | D:6      | Noticed Blork the orc
  4450 | D:6      | Killed Blork the orc
  4662 | D:6      | Found a sparkling altar of Nemelex Xobeh.
  4959 | D:7      | Reached skill level 10 in Spellcasting
  4959 | D:7      | Reached skill level 10 in Conjurations
  4959 | D:7      | Reached skill level 10 in Hexes
  4959 | D:7      | Reached skill level 10 in Summonings
  4959 | D:7      | Reached skill level 10 in Necromancy
  4959 | D:7      | Reached skill level 10 in Translocations
  4959 | D:7      | Reached skill level 10 in Fire Magic
  4959 | D:7      | Reached skill level 10 in Ice Magic
  4959 | D:7      | Reached skill level 10 in Air Magic
  4959 | D:7      | Reached skill level 10 in Earth Magic
  4959 | D:7      | Reached skill level 10 in Alchemy
  5128 | D:7      | Found a staircase to the Ecumenical Temple.
  5134 | Temple   | Entered the Ecumenical Temple
  5143 | Temple   | Became a worshipper of Ashenzari the Shackled
  5273 | D:7      | Reached XP level 10. HP: 65/68 MP: 0/0
  5560 | D:8      | Found a hide-covered altar of Uskayaw.
  5636 | D:7      | Identified 3 scrolls of acquirement
  5636 | D:7      | Acquired the staff of Fury {rElec Summ Air}
  5640 | D:7      | Acquired the ring of the Failed Coup {rCorr MP-9 Str+6
                  | Slay+4}
  5644 | D:7      | Acquired a manual of Necromancy
  5687 | D:8      | Reached skill level 5 in Fighting
  5836 | D:8      | Reached skill level 11 in Necromancy
  6250 | D:9      | Noticed a two-headed ogre
  6259 | D:9      | Killed a two-headed ogre
  6320 | D:9      | Noticed a komodo dragon
  6324 | D:9      | Killed a komodo dragon
  6325 | D:9      | Reached skill level 12 in Necromancy
  6325 | D:9      | Reached XP level 11. HP: 54/79 MP: 0/0
  6325 | D:9      | Learned a level 5 spell: Curse of Agony
  6410 | D:9      | Found a staircase to the Lair.
  6547 | D:9      | Found a glowing silver altar of Zin.
  7025 | Lair:1   | Entered Level 1 of the Lair of Beasts
  7060 | Lair:1   | Reached skill level 13 in Necromancy
  7184 | Lair:1   | Noticed an elephant
  7187 | Lair:1   | Noticed an elephant
  7190 | Lair:1   | Noticed an elephant
  7190 | Lair:1   | Noticed an elephant
  7191 | Lair:1   | Noticed an elephant
  7193 | Lair:1   | Killed an elephant
  7194 | Lair:1   | Killed an elephant
  7196 | Lair:1   | Killed an elephant
  7197 | Lair:1   | Killed an elephant
  7199 | Lair:1   | Killed an elephant
  7399 | Lair:1   | Noticed Nergalle
  7413 | Lair:1   | Killed Nergalle
  7414 | Lair:1   | Reached skill level 10 in Fighting
  7507 | Lair:1   | Reached * piety under Ashenzari
  7543 | Lair:1   | Reached XP level 12. HP: 91/93 MP: 0/0
  7730 | Lair:1   | Reached skill level 14 in Necromancy
  8017 | Lair:2   | Found a hole to the Spider Nest.
  8173 | Lair:2   | Reached ** piety under Ashenzari
  8303 | Lair:2   | Reached skill level 15 in Necromancy
  8359 | Lair:2   | You are sucked into a shaft and drop 1 floor!
  8551 | Lair:2   | Noticed Erica
  8560 | Lair:2   | Killed Erica
  8561 | Lair:2   | Reached XP level 13. HP: 73/103 MP: 0/0
  8561 | Lair:2   | Learned a level 5 spell: Metabolic Englaciation
  8609 | Lair:2   | Found a staircase to the Shoals.
  8873 | Lair:3   | Noticed a five-headed hydra
  8881 | Lair:3   | Killed a five-headed hydra
  9077 | Lair:3   | Reached skill level 16 in Necromancy
 10019 | Lair:4   | Noticed a seven-headed hydra
 10030 | Lair:4   | Killed a seven-headed hydra
 10095 | Lair:4   | Found a runed translucent gate.
 10095 | Lair:4   | Found a runed translucent gate.
 10095 | Lair:4   | Found a runed translucent gate.
 10096 | Lair:4   | Noticed an acid blob
 10096 | Lair:4   | Noticed an acid blob
 10097 | Lair:4   | Noticed an acid blob
 10097 | Lair:4   | Noticed an acid blob
 10099 | Lair:4   | Noticed SuperJoe's ghost (journeyman KoRe)
 10099 | Lair:4   | Noticed an azure jelly
 10099 | Lair:4   | Noticed a quicksilver ooze
 10100 | Lair:4   | Noticed an azure jelly
 10100 | Lair:4   | Noticed an acid blob
 10100 | Lair:4   | Noticed a rockslime
 10100 | Lair:4   | Noticed an acid blob
 10103 | Lair:4   | Found a viscous altar of Jiyva.
 10460 | Lair:5   | Entered Level 5 of the Lair of Beasts
 10633 | Lair:5   | HP: 5/106 [cane toad (19)]
 10892 | Lair:5   | Found a staircase to the Slime Pits.
 10902 | Lair:5   | Reached skill level 17 in Necromancy
 11389 | Lair:5   | Reached XP level 14. HP: 98/114 MP: 0/0
 11463 | Lair:5   | Reached *** piety under Ashenzari
 11543 | Lair:5   | Found a viscous altar of Jiyva.
 11828 | Lair:5   | Identified the ring of Guel {Fly rElec rN+ Dex+6}
 11828 | Lair:5   | Identified the +1 glaive of Zoastrud {venom, rElec Str+2
                  | Int+2}
 11880 | Lair:5   | Reached skill level 15 in Fighting
 11930 | Lair:5   | Reached skill level 5 in Dodging
 12377 | D:10     | Entered Level 10 of the Dungeon
 13656 | D:11     | Found a staircase to the Orcish Mines.
 13962 | Orc:1    | Entered Level 1 of the Orcish Mines
 13963 | Orc:1    | Noticed Jorgrun
 13974 | Orc:1    | Killed from afar by Jorgrun

Illustrated notes

Levels and vault maps discovered:
D:1:      minmay_arrival_open_corners, layout_basic
D:2:      layout_basic, chequers_serial_rivers_room_a, uniq_sigmund
D:3:      layout_rooms
D:4:      layout_basic, lemuel_doored_altar, ebering_ghost_rock_garden,
          uniq_grinder
D:5:      layout_gridville
D:6:      layout_gridville, general_overflow_altar, bh_walls_and_bars,
          uniq_pikel, uniq_blork_the_orc
D:7:      layout_cave_pools, minmay_temple_entry_hall
D:8:      layout_basic, mainiacjoe_overflow_paths,
          chequers_serial_rivers_small_3
D:9:      layout_roguey, zin_academy, erik_lair_dragon, kennysheep_small_square
D:10:     layout_loops_ring
D:11:     layout_basic, orc_0_dummy
Temple:   regret_index_temple_mists
Lair:1:   layout_regular_city, uniq_nergalle
Lair:2:   layout_cave_shapes, minmay_shoals_entry_centaurs, spider_nest_entry_a,
          uniq_erica
Lair:3:   layout_roguey, columned_hall_lemuel, serial_bayou_shore_b
Lair:4:   layout_cave_pods, gammafunk_ghost_ooze
Lair:5:   minmay_lair_end_frog_pond, layout_misc_corridors,
          minmay_slime_entry_jelly_boxes, nicolae_lair_run_with_the_wolves,
          infiniplex_staircase_pool_2, serial_bayou_shore_b,
          serial_bayou_shore_b
Orc:1:    layout_diamond_mine, uniq_jorgrun

Skill      XL: |  1  2  3  4  5  6  7  8  9 10 11 12 13 14 |
---------------+-------------------------------------------+-----
Fighting       | 1 2 3 4 7 10 12 14 15 | 15.3
Spellcasting   | 4 6 8 10 11 12 13 14 | 14.5
Conjurations   | 4 6 8 10 11 12 13 14 | 14.5
Hexes          | 4 6 8 10 11 12 13 14 | 14.5
Summonings     | 4 6 8 10 11 12 13 14 | 14.5
Necromancy     | 4 6 8 10 12 13 15 17 | 17.6
Translocations | 4 6 8 10 11 12 13 14 | 14.5
Fire Magic     | 4 6 8 10 11 12 13 14 | 14.5
Ice Magic      | 4 6 8 10 11 12 13 14 | 14.5
Air Magic      | 4 6 8 10 11 12 13 14 | 14.5
Earth Magic    | 4 6 8 10 11 12 13 14 | 14.5
Alchemy        | 4 6 8 10 11 12 13 14 | 14.5
Short Blades   | 1 |  1.3
Dodging        | 6 |  6.0
Stealth        | |  1.5

Action                     |  1- 3 |  4- 6 |  7- 9 | 10-12 | 13-15 || total
---------------------------+-------+-------+-------+-------+-------++-------
  Melee: Unarmed           |     1 |       |       |       |       ||     1
         Short sword       |       |    17 |       |       |       ||    17
         Dagger            |       |       |     3 |       |       ||     3
         Staff             |       |       |       |       |     5 ||     5
   Cast: Freeze            |    42 |    57 |    12 |    19 |     6 ||   136
         Sandblast         |     7 |    39 |    23 |    34 |    33 ||   136
         Momentum Strike   |       |     1 |     2 |       |     4 ||     7
         Stone Arrow       |       |       |    28 |    35 |   108 ||   171
         Summon Ice Beast  |       |       |    12 |    38 |    50 ||   100
         Olgreb's Toxic Ra |       |       |    14 |   123 |    91 ||   228
         Metabolic Englaci |       |       |       |       |    38 ||    38
 Invoke: Curse Item        |       |       |       |     3 |     1 ||     4
    Use: Potion            |       |     1 |       |       |     2 ||     3
         Scroll            |       |       |     3 |     7 |     2 ||    12
   Stab: Sleeping          |       |     1 |       |       |       ||     1
 Armour: Robe              |    18 |    37 |    24 |     1 |       ||    80
         Troll leather arm |       |       |       |    65 |    90 ||   155
  Dodge: Dodged            |    30 |    36 |    12 |    51 |    80 ||   209
